 Dungeon Crawl Stone Soup version 0.29.1-12-g30fa7ad0bf (webtiles) character file.

Game seed: 6553435278562645497

53 ThatPearl the Trooper (level 3, -6/34 HPs)
             Began as a Minotaur Monk on Jan 3, 2023.
             Mangled by a gnoll
             ... wielding a +0 flail
              (12 damage)
             ... on level 3 of the Dungeon.
             The game lasted 00:02:27 (1131 turns).

ThatPearl the Trooper (Minotaur Monk)               Turns: 1131, Time: 00:02:27

Health: -6/34      AC:  5    Str: 17    XL:     3   Next: 64%
Magic:  2/2        EV: 12    Int:  7    God:
Gold:   90         SH:  0    Dex: 12    Spells: 2/2 levels left

rFire   . . .      SeeInvis .   a - +0 hand axe
rCold   . . .      Faith    .   (no shield)
rNeg    . . .      Spirit   .   f - +0 leather armour
rPois   .          Reflect  .   (helmet restricted)
rElec   .          Harm     .   i - +1 cloak
rCorr   .          Rampage  .   (no gloves)
Will    .....                   (no boots)
Stlth   +.........              (no amulet)
HPRegen 0.11/turn               (no ring)
MPRegen 0.08/turn               (no ring)

@: no status effects
A: horns 2, retaliatory headbutt
a: no special abilities


You were on level 3 of the Dungeon.
You visited 1 branch of the dungeon, and saw 3 of its levels.

You collected 90 gold pieces.

Inventory:

Hand Weapons
 a - a +0 hand axe (weapon)
Missiles
 e - 8 stones (quivered)
Armour
 f - a +0 leather armour (worn)
 i - a +1 cloak (worn)
Jewellery
 d - a ring of ice
Scrolls
 g - a scroll of fear {unknown}
 j - a scroll of torment {unknown}
Potions
 b - a potion of cancellation {unknown}
 c - a potion of ambrosia
 h - a potion of haste {unknown}


   Skills:
 + Level 4.7 Fighting
 + Level 4.7 Axes
 - Level 3.2 Dodging
 - Level 1.5 Stealth


You had 2 spell levels left.
You didn't know any spells.
Your spell library was empty.

Dungeon Overview and Level Annotations

Branches:
Dungeon (3/15)

Altars:


Innate Abilities, Weirdness & Mutations

You have a pair of horns on your head.
You reflexively headbutt those who attack you in melee.


Message History

You kill the orc!
You hit the orc but do no damage. The orc hits you but does no damage.
You hit the orc but do no damage. Your headbutt misses the orc.
The orc is moderately wounded.
The orc hits you with a +0 trident.
You hit the orc but do no damage.
The orc is moderately wounded.
The orc misses you. You furiously retaliate!
You headbutt the orc. You barely miss the orc.
The orc is heavily wounded.
The orc hits you but does no damage.
You hit the orc.
You kill the orc!
Things that are here:
a +0 trident; a +0 ring mail; an orc corpse A gnoll comes into view.
It is wielding a +0 halberd.
A gnoll comes into view. It is wielding a +0 flail.
The gnoll shouts! x2
You see here a +0 club.
A gnoll comes into view. It is wielding a +0 mace.
The gnoll hits you from afar with a +0 halberd!
The gnoll throws a stone.
The stone hits you but does no damage. The gnoll closely misses you.
The gnoll hits you but does no damage.
Things that are here:
a +0 short sword; 3 stones; a kobold corpse You hit the gnoll.
You headbutt the gnoll.
The gnoll is heavily wounded.
You hit the gnoll but do no damage. You hit the gnoll.
The gnoll hits you with a +0 halberd!
* * * LOW HITPOINT WARNING * * *
The gnoll closely misses you. You furiously retaliate!
You headbutt the gnoll, but do no damage.
The gnoll hits you with a +0 mace.
* * * LOW HITPOINT WARNING * * *
You closely miss the gnoll.
The gnoll is heavily wounded.
You barely miss the gnoll. You closely miss the gnoll.
The gnoll barely misses you. You furiously retaliate!
You headbutt the gnoll. The gnoll hits you with a +0 flail!
You die...

##.######
#...))..#####
#..##)......# #
#..).....# ..
#...).#..##.
#..#..#........
#.......##..###
##....g.....#######
....?##@##........#
#####...gg.........#
#.....†#.........#
...#.##†..........#
#..#....#.........#
#..#.##.##........#
........##........#
#.##.#####.########
#.##.# ##.######


You could see 3 gnolls.

Vanquished Creatures
  An orc wizard (D:3)
  4 orcs (D:3)
  3 bats
  3 endoplasms
  2 giant cockroaches (D:1)
  2 goblins (D:1)
  3 hobgoblins (D:1)
  2 ball pythons
  2 kobolds
  2 rats (D:1)
24 creatures vanquished.

Notes
Turn   | Place    | Note
-------+----------+-------------------------------------------
     0 | D:1      | ThatPearl the Minotaur Monk began the quest for the Orb.
     0 | D:1      | Reached XP level 1. HP: 19/19 MP: 0/0
   345 | D:1      | Reached XP level 2. HP: 27/27 MP: 1/1
   933 | D:2      | You fall into a shaft and drop 1 floor!
  1060 | D:3      | Reached XP level 3. HP: 21/34 MP: 2/2
  1131 | D:3      | Mangled by a gnoll

Illustrated notes

Levels and vault maps discovered:
D:1:      scummos_arrival_simple_crosswalls, layout_rooms,
          minmay_split_cup_large
D:2:      layout_basic, minmay_hexomino_p4
D:3:      minmay_wonky_spiral, layout_loops_cross

Skill      XL: |  1 |
---------------+----+-----
Fighting       | 4 |  4.7
Axes           | 4 |  4.7
Dodging        | |  3.2
Stealth        | |  1.5

Action                   || total
-------------------------++-------
Melee: Hand axe          ||    54
       Headbutt          ||     8
 Stab: Sleeping          ||     2
Armor: Leather armour    ||    19
Dodge: Dodged            ||    45
